 Dungeon Crawl Stone Soup version 0.31-a0-441-g867994ef1c (webtiles) character file.

Game seed: 13001644760621272828

10 Xavori the Trooper (level 2, 24/24 HPs)
             Began as a Demonspawn Chaos Knight on Aug 2, 2023.
             Was a Plaything of Xom.
             Quit the game on level 1 of the Dungeon.
             The game lasted 00:00:15 (394 turns).

Xavori the Trooper (Demonspawn Chaos Knight)         Turns: 394, Time: 00:00:16

Health: 24/24      AC:  5    Str: 12    XL:     2   Next: 10%
Magic:  3/3        EV: 11    Int: 13    God:    Xom [..*...]
Gold:   30         SH:  0    Dex: 12    Spells: 2/2 levels left

rFire   . . .        a - +0 falchion (chaos)
rCold   . . .        (no shield)
rNeg    . . .        b - +2 leather armour
rPois   .            (no helmet)
rElec   .            (no cloak)
rCorr   .            (no gloves)
SInv    .            (no boots)
Will    .....        (no amulet)
Stlth   +            (no ring)
HPRegen 0.24/turn    (no ring)
MPRegen 0.08/turn

%: no passive effects
@: no status effects
A: demonic magic 1
a: Renounce Religion


You were on level 1 of the Dungeon.
You worshipped Xom.
You were a toy of Xom.
You visited 1 branch of the dungeon, and saw 1 of its levels.

You collected 30 gold pieces.

Inventory:

Hand Weapons
 a - a +0 falchion of chaos (weapon)
Armour
 b - a +2 leather armour (worn)
Scrolls
 c - a scroll of butterflies
 f - a scroll of enchant weapon {unknown}
 g - a scroll of fog {unknown}
 h - a scroll of vulnerability {unknown}
Potions
 d - 2 potions of heal wounds {unknown}
 e - a potion of cancellation {unknown}


   Skills:
 + Level 3.2 Fighting
 + Level 2.9 Long Blades
 + Level 1.7 Armour
 + Level 0.8 Dodging
 * Level 0.7 Spellcasting


You had 2 spell levels left.
You didn't know any spells.
Your spell library was empty.

Dungeon Overview and Level Annotations

Branches:
Dungeon (1/15)

Altars:


Innate Abilities, Weirdness & Mutations

Spells you cast may paralyse adjacent enemies.


Message History

No target in view!
Key pressed, stopping explore.
No target in view!
There is an open door here.
There is an open door here.
You open the door.
A kobold comes into view. It is wielding a +2 dagger of speed.
The kobold shouts!
There is an open door here.
The kobold hits you with a +2 dagger of speed.
A kobold is nearby!
You closely miss the kobold. The kobold barely misses you.
The kobold hits you but does no damage.
A kobold is nearby!
You hit the kobold.
You kill the kobold!
Magic restored.
Things that are here:
a +2 dagger of speed; a kobold corpse No target in view!
Key pressed, stopping explore.
No target in view!
Key pressed, stopping explore.
No target in view!
No target in view!
You see here a +4 sling.
No target in view!
Found a stone staircase leading down.
No target in view!
h - a scroll labelled HYOSAX CUOJIY No target in view!
Key pressed, stopping explore.
No target in view!
No target in view!
No target in view!
There is a stone staircase leading down here.
Xom's power almost touches on you for a moment.
Tendrils of electricity crawl over the metal wall!
No target in view!
Are you sure you want to abandon this character and quit the game? (Confirm with "yes".)

#)..###...#
#≈≈~≈# #.#
#..##.##..#
###### #.#
#..#...#..# .
#.# #..+.<.'..#
.. #.#####
#..#...#..# ...
#......
#..##.##.)# ...
#######
#...###...# ..
#.....
#.........####.#
#.####
#...........@..#
#.# #
#..........#####
#.# #
##.######...#
#.#### #..#
#.### #.....
####.## #.#
###### ......##
##.# #####..#
#..# ##.# #.##
#.# ##.#


There were no monsters in sight!

Vanquished Creatures
  A bat (D:1)
  2 endoplasms (D:1)
  2 hobgoblins (D:1)
  A kobold (D:1)
  A frilled lizard (D:1)
  2 rats (D:1)
9 creatures vanquished.

Notes
Turn   | Place    | Note
-------+----------+-------------------------------------------
     0 | D:1      | Xavori the Demonspawn Chaos Knight began the quest for the
                  | Orb.
     0 | D:1      | Reached XP level 1. HP: 18/18 MP: 1/1
    46 | D:1      | XOM: silly message
    59 | D:1      | XOM: smoke on damage
   207 | D:1      | Gained mutation: Spells you cast may paralyse adjacent
                  | enemies. [demonic ancestry]
   207 | D:1      | Reached XP level 2. HP: 24/24 MP: 2/2
   393 | D:1      | XOM: silly message
   394 | D:1      | Quit the game

Illustrated notes

Levels and vault maps discovered:
D:1:      dpeg_arrival_shelter, layout_basic, serial_shops, shop,
          chequers_serial_rivers_room_b

Action                     || total
---------------------------++-------
  Melee: Falchion          ||    20
 Armour: Leather armour    ||     7
  Dodge: Dodged            ||    10

Table legend: (Time is in decaauts)
 A = Elapsed time spent in this place.
 B = Non-inter-level travel time spent in this place.
 C = Inter-level travel time spent in this place.
 D = Time resting spent in this place.
 E = Time spent auto-exploring this place.
 F = Levels seen in this place.
 G = Mean time per level.
                   A        B        C        D        E       F      G
               +--------+--------+--------+--------+--------+-----+--------+
         Total |    397 |    397 |      0 |      0 |    330 |   1 |  397.0 |
       Dungeon |    397 |    397 |      0 |      0 |    330 |   1 |  397.0 |
               +--------+--------+--------+--------+--------+-----+--------+

Top non-repeatable levels by time:
     D:1: 397 daAuts
